 Dungeon Crawl Stone Soup version 0.28-a0-861-ge64d6db94f (webtiles) character file.

Game seed: 3570067841182019909

10534 senseless the Fighter (level 11, -8/102 HPs)
             Began as a Minotaur Fighter on Nov 15, 2021.
             Was a High Priest of Qazlal.
             Killed by divine providence
             ... invoked by a meliai
              (15 damage)
             ... on level 11 of the Dungeon.
             The game lasted 00:25:32 (10525 turns).

senseless the Fighter (Minotaur Fighter)           Turns: 10525, Time: 00:25:33

Health: -8/102     AC: 19    Str: 28    XL:     11   Next: 37%
Magic:  16/16      EV:  8    Int:  5    God:    Qazlal [*****.]
Gold:   1303       SH: 10    Dex: 10    Spells: 10/10 levels left

rFire   . . .      SeeInvis .   v - +7 whip "Jihuadar" {vorpal, Drain Fly rN+ Str+4}
rCold   . . .      Faith    .   c - +0 buckler
rNeg    + . .      Spirit   .   t - +0 plate armour
rPois   +          Reflect  .   (helmet restricted)
rElec   .          Harm     .   k - +0 cloak
rCorr   .          Rampage  .   u - +0 pair of gloves
Will    +....                   i - +0 pair of boots
Stlth   ..........              (no amulet)
HPRegen 0.27/turn               m - ring of poison resistance
MPRegen 0.15/turn               e - ring of willpower

@: about to teleport, flying, repel missiles
A: horns 2, retaliatory headbutt
a: Renounce Religion, Upheaval, Elemental Force, Disaster Area


You were on level 11 of the Dungeon.
You worshipped Qazlal.
Qazlal was extremely pleased with you.
You visited 1 branch of the dungeon, and saw 11 of its levels.

You collected 1498 gold pieces.
You spent 195 gold pieces at shops.

Inventory:

Hand Weapons
 s - a +3 war axe of venom
 v - the +7 whip "Jihuadar" (weapon) {vorpal, Drain Fly rN+ Str+4}
   (You found it on level 5 of the Dungeon)

   It inflicts extra damage upon your enemies.
   Str:       It affects your strength (+4).
   rN:        It protects you from negative energy.
   Fly:       It grants you flight.
   Drain:     It drains your maximum health when unequipped.
 E - a +6 dire flail of protection
Missiles
 a - 2 throwing nets
 b - 8 javelins
 j - 3 boomerangs of dispersal
 l - 60 poisoned darts (quivered)
Armour
 c - a +0 buckler (worn)
 i - a +0 pair of boots (worn)
 k - a +0 cloak (worn)
 t - a +0 plate armour (worn)
 u - a +0 pair of gloves (worn)
Jewellery
 e - a ring of willpower (right hand)
 m - a ring of poison resistance (left hand)
 r - a ring of flight
 B - a +6 ring of intelligence
 H - a ring of see invisible
 I - a +6 ring of dexterity
Wands
 h - a wand of paralysis (8)
 F - a wand of iceblast (7)
 G - a wand of digging (3)
Scrolls
 o - a scroll of holy word
 y - a scroll of amnesia
 C - 2 scrolls of teleportation
 M - a scroll of enchant weapon
 O - a scroll of silence
Potions
 d - 2 potions of might
 f - 2 potions of ambrosia
 g - 2 potions of lignification
 n - 5 potions of curing
 p - a potion of brilliance
 q - 3 potions of attraction
 w - 2 potions of magic
 x - 3 potions of haste
 z - a potion of flight
 A - a potion of mutation
 D - a potion of resistance
 J - a potion of berserk rage
 K - a potion of invisibility
 L - a potion of heal wounds


   Skills:
 + Level 11.4 Fighting
 - Level 4.6(7.9) Axes
 + Level 10.0(10.4) Maces & Flails
 + Level 11.4 Armour
 - Level 4.0 Shields
 + Level 9.0 Invocations


You had 10 spell levels left.
You didn't know any spells.
Your spell library contained the following spells:

 Spells                   Type           Power      Damage    Failure   Level
 Conjure Flame            Conj/Fire      0%         6-21      100%        3
 Ignite Poison            Fire/Tmut/Pois 0%         N/A       100%        3
 Sticky Flame             Conj/Fire      0%         2d3       100%        4


Dungeon Overview and Level Annotations

Branches:
Dungeon (11/15)            Temple (0/1) D:6            Lair (0/6) D:9
    Orc: D:9-12

Altars:
Gozag
Qazlal

Shops:
D:4 (


Innate Abilities, Weirdness & Mutations

You have a pair of horns on your head.
You reflexively headbutt those who attack you in melee.


Message History

The meliai stings you but does no damage.
The centaur warrior zombie is engulfed in blazing flames.
The meliai hits you but does no damage.
The meliai stings you but does no damage.
The meliai hits you with a +0 war axe.
* * * LOW HITPOINT WARNING * * *
You block the meliai's attack.
You feel very sick. The meliai hits you with a +0 hand axe.
* * * LOW HITPOINT WARNING * * *
The meliai stings you but does no damage.
The meliai hits you with a +0 broad axe!
* * * LOW HITPOINT WARNING * * *
You feel protected from physical attacks.
You block the meliai's attack.
The centaur warrior zombie is engulfed in blazing flames.
The meliai calls upon its god to heal the meliai.
The meliai is healed somewhat.
Your surroundings suddenly seem different.
* * * LOW HITPOINT WARNING * * *
You feel very sick.
You feel better.
You start resting.
Your protection from physical attacks is fading.
You hear an angry buzzing noise.
You start resting.
You hear an angry buzzing noise.
A meliai is nearby!
You hear an angry buzzing noise.
The meliai calls down the wrath of its god upon you.
Something smites you!
* * * LOW HITPOINT WARNING * * *
You are too injured to fight recklessly!
You are too injured to fight recklessly!
As you read the scroll of teleportation, it crumbles to dust.
You feel strangely unstable.
You feel less protected from physical attacks.
The meliai invokes the aid of its god against you.
Something smites you!
You die...

.........
.........
.......y#
.....y#
.....#
#...#
#.○°#
#..@#
#####


You could see 2 meliai.

Vanquished Creatures
  Erica (D:9)
  A centaur warrior (D:9)
  2 two-headed ogres
  A gargoyle (D:7)
  A troll (D:9)
  A polar bear (shapeshifter) (D:10)
  A wraith (D:11)
  A wyvern (D:10)
  18 yaks
  Grum (D:10)
  A steam dragon (D:7)
  Edmund (D:6)
  2 acid dragons
  4 sky beasts
  An ice beast (D:6)
  5 orc warriors
  A black bear (D:6)
  6 wolves
  An ogre (D:5)
  A centaur (D:9)
  3 kobold brigands
  A bullfrog (D:7)
  A scorpion (D:6)
  A water moccasin zombie (D:5)
  A gnoll sergeant (D:9)
  A water moccasin skeleton (D:5)
  A vampire bat (D:5)
  3 howler monkeys
  4 electric eels (D:9)
  5 centaur zombies
  9 hounds
  5 jellies
  3 orc priests
  Crazy Yiuf (D:5)
  Jessica (D:3)
  An iguana (D:4)
  11 orc wizards
  A killer bee zombie (D:7)
  2 howler monkey zombies
  19 gnolls
  5 adders
  2 shadow imps (D:7)
  A white imp (D:7)
  5 ufetubi
  3 adder skeletons (D:4)
  3 dart slugs
  3 fire bats (D:5)
  27 orcs
  2 spectral bats (D:5)
  2 ball pythons
  11 bats
  A bat simulacrum (D:5)
  3 bat skeletons (D:5)
  A bat zombie (D:5)
  4 endoplasms
  2 giant cockroaches (D:1)
  4 goblins
  9 hobgoblins
  2 quokkas
  2 frilled lizards
  13 kobolds
  2 rats
232 creatures vanquished.

Vanquished Creatures (others)
  A kobold (D:9)
1 creature vanquished.

Grand Total: 233 creatures vanquished

Notes
Turn   | Place    | Note
-------+----------+-------------------------------------------
     0 | D:1      | senseless the Minotaur Fighter began the quest for the Orb.
     0 | D:1      | Reached XP level 1. HP: 19/19 MP: 0/0
    60 | D:1      | Found a faded altar of an unknown god.
    67 | D:1      | Prayed at the altar of an unknown god.
    67 | D:1      | Became a worshipper of Qazlal Stormbringer
    67 | D:1      | Reached * piety under Qazlal
   130 | D:1      | Reached XP level 2. HP: 16/27 MP: 1/1
   703 | D:2      | Reached XP level 3. HP: 33/33 MP: 2/2
   904 | D:2      | Reached skill level 1 in Invocations
  1569 | D:3      | Noticed Jessica
  1577 | D:3      | Killed Jessica
  1582 | D:3      | Reached XP level 4. HP: 18/40 MP: 2/4
  2396 | D:4      | Reached ** piety under Qazlal
  2400 | D:4      | Reached XP level 5. HP: 46/47 MP: 5/5
  2994 | D:4      | Found Xuiploet's Antique Weapon Emporium.
  3009 | D:4      | Bought a runed war axe for 195 gold pieces
  3066 | D:4      | Reached skill level 5 in Fighting
  3374 | D:4      | Reached skill level 5 in Armour
  3374 | D:4      | Reached XP level 6. HP: 56/56 MP: 6/6
  3452 | D:5      | Entered Level 5 of the Dungeon
  3478 | D:5      | Identified the +7 whip "Jihuadar" {vorpal, Drain Fly rN+
                  | Str+4}
  3516 | D:5      | Reached skill level 1 in Maces & Flails
  3516 | D:5      | Reached XP level 7. HP: 62/62 MP: 8/8
  3634 | D:5      | Found a runed translucent door.
  3635 | D:5      | Noticed Crazy Yiuf
  3998 | D:5      | Reached *** piety under Qazlal
  4347 | D:5      | Killed Crazy Yiuf
  4401 | D:6      | Found a staircase to the Ecumenical Temple.
  4406 | D:6      | Reached XP level 8. HP: 71/71 MP: 10/10
  4726 | D:6      | Reached skill level 5 in Invocations
  4969 | D:6      | Noticed Edmund
  4980 | D:6      | Killed Edmund
  5307 | D:7      | Reached skill level 5 in Maces & Flails
  5460 | D:7      | Noticed a gargoyle
  5479 | D:7      | Killed a gargoyle
  5480 | D:7      | Reached XP level 9. HP: 33/81 MP: 12/12
  6444 | D:8      | Reached **** piety under Qazlal
  7275 | D:8      | Identified a scroll of acquirement
  7275 | D:8      | Acquired 895 gold pieces
  7465 | D:9      | Reached XP level 10. HP: 73/91 MP: 14/14
  7606 | D:9      | Noticed Erica
  7615 | D:9      | Killed Erica
  7712 | D:9      | Noticed a centaur warrior
  7724 | D:9      | Killed a centaur warrior
  7725 | D:9      | Reached skill level 10 in Fighting
  7922 | D:9      | Reached skill level 10 in Armour
  7960 | D:9      | Noticed a two-headed ogre
  7968 | D:9      | Killed a two-headed ogre
  8353 | D:9      | Reached XP level 11. HP: 42/101 MP: 16/16
  8632 | D:9      | Reached ***** piety under Qazlal
  8967 | D:9      | Found a staircase to the Lair.
  9386 | D:10     | Entered Level 10 of the Dungeon
  9578 | D:10     | Noticed a two-headed ogre
  9579 | D:10     | Found an opulent altar of Gozag.
  9588 | D:10     | Killed a two-headed ogre
 10093 | D:10     | Noticed Grum
 10101 | D:10     | Killed Grum
 10442 | D:11     | Reached skill level 10 in Maces & Flails
 10507 | D:11     | HP: 5/102 [poisoned by a meliai]
 10525 | D:11     | Killed from afar by a meliai

Illustrated notes

Levels and vault maps discovered:
D:1:      ebering_trefoil_3fold, layout_basic, basic_ecumenical_altar
D:2:      layout_basic, serial_forest, infiniplex_forest_corner_1,
          infiniplex_forest_corner_1, infiniplex_forest_straight_4,
          infiniplex_forest_clump_small, infiniplex_forest_straight_4,
          infiniplex_forest_clump_diagonal, infiniplex_forest_clump_cross,
          infiniplex_forest_end_3, minivault_24
D:3:      layout_loops_ring, minmay_misc_feat_five, uniq_jessica
D:4:      layout_basic, serial_shops, shop, grunt_decor_one_mirror, st_stairs_13
D:5:      layout_loops_cross, goddamned_bats, uniq_crazy_yiuf_cottage
D:6:      layout_cave_pools, minmay_temple_entry_junction_2,
          grunt_ministairs_15, roderic_lattice_a, minmay_misc_feat_pillars,
          minmay_misc_feat_tower, uniq_edmund
D:7:      layout_rooms, minmay_misc_feat_four_crosses, kennysheep_generic_room_8
D:8:      layout_basic
D:9:      layout_loops_ring, erik_lair_island, serial_aquarium,
          aquarium_bridge_square [aquarium_subvault_balcony,
          aquarium_subvault_window, aquarium_subvault_bridge,
          aquarium_subvault_bridge], aquarium_window_1, aquarium_window_3,
          aquarium_window_2, aquarium_window_2, aquarium_view_2a, uniq_erica
D:10:     layout_long_grid, mainiacjoe_overflow_boulevard,
          nicolae_elevator_lobby_plus, uniq_grum
D:11:     layout_irregular_city

Skill      XL: |  1  2  3  4  5  6  7  8  9 10 11 |
---------------+----------------------------------+-----
Fighting       | 4 5 6 8 9 10 11 | 11.4
Shields        | 4 |  4.0
Invocations    | 1 2 3 4 5 7 8 9 |  9.0
Armour         | 4 5 6 8 9 10 11 | 11.4
Axes           | 3 4 |  4.6
Maces & Flails | 1 3 5 7 9 10 | 10.0

Action                   |  1- 3 |  4- 6 |  7- 9 | 10-12 || total
-------------------------+-------+-------+-------+-------++-------
Melee: War axe           |    49 |    27 |       |       ||    76
       Headbutt          |     6 |    14 |    57 |    73 ||   150
       Dagger            |       |    66 |       |       ||    66
       Whip              |       |    12 |   271 |   250 ||   533
Throw: Dart              |       |       |     5 |       ||     5
  Use: Scroll            |     6 |     6 |     6 |     6 ||    24
       Potion            |       |       |       |     1 ||     1
Armor: Scale mail        |    20 |    31 |       |       ||    51
       Plate armour      |       |    18 |   123 |    73 ||   214
Dodge: Dodged            |    19 |    37 |    53 |    47 ||   156
       Repelled          |       |       |     1 |       ||     1
Block: Buckler           |    15 |    36 |   102 |    93 ||   246

Table legend: (Time is in decaauts)
 A = Elapsed time spent in this place.
 B = Non-inter-level travel time spent in this place.
 C = Inter-level travel time spent in this place.
 D = Time resting spent in this place.
 E = Time spent auto-exploring this place.
 F = Levels seen in this place.
 G = Mean time per level.
                   A        B        C        D        E       F      G
               +--------+--------+--------+--------+--------+-----+--------+
         Total |  10397 |  10057 |    340 |    267 |   8360 |  11 |  945.2 |
       Dungeon |  10397 |  10057 |    340 |    267 |   8360 |  11 |  945.2 |
               +--------+--------+--------+--------+--------+-----+--------+

Top non-repeatable levels by time:
     D:9: 1878 daAuts
     D:8: 1149 daAuts
     D:4: 1076 daAuts
    D:10: 994 daAuts
     D:7: 964 daAuts
     D:5: 937 daAuts
     D:6: 896 daAuts
     D:2: 874 daAuts
     D:3: 813 daAuts
     D:1: 707 daAuts
    D:11: 104 daAuts
